 Dungeon Crawl Stone Soup version 0.27.0-1-g7a089689b8 (webtiles) character file.

Game seed: 16884965726662785406

57 dianekeaton the Skirmisher (level 3, -1/34 HPs)
             Began as a Minotaur Berserker on Aug 10, 2021.
             Was a Believer of Trog.
             Slain by a quokka (5 damage)
             ... on level 2 of the Dungeon.
             The game lasted 00:05:05 (1020 turns).

dianekeaton the Skirmisher (Minotaur Berserker)     Turns: 1020, Time: 00:05:05

Health: -1/34      AC:  2    Str: 22    XL:     3   Next: 73%
Magic:  2/2        EV: 12    Int:  4    God:    Trog [**....]
Gold:   6          SH:  0    Dex:  9    Spells: 2/2 levels left

rFire    . . .     SeeInvis .   a - +0 mace
rCold    . . .     Faith    .   (no shield)
rNeg     . . .     Spirit   .   b - +0 animal skin
rPois    .         Reflect  .   (helmet restricted)
rElec    .         Harm     .   (no cloak)
rCorr    .         Rampage  .   (no gloves)
Will     ++...                  (no boots)
Stlth    +.........             (no amulet)
HPRegen  1.11/turn              (no ring)
MPRegen  0.08/turn              (no ring)

@: strong-willed (expiring), on berserk cooldown, regenerating (expiring),
slowed, very slow
A: horns 2, retaliatory headbutt
a: Renounce Religion, Berserk, Trog's Hand


You were on level 2 of the Dungeon.
You worshipped Trog.
Trog was pleased with you.
You visited 1 branch of the dungeon, and saw 2 of its levels.

You collected 6 gold pieces.

Inventory:

Hand Weapons
 a - a +0 mace (weapon)
Armour
 b - a +0 animal skin (worn)
Scrolls
 e - a scroll of noise {unknown}
 g - a scroll of teleportation {unknown}
Potions
 c - a potion of flight {unknown}
 d - 2 potions of curing {unknown}
 f - a potion of berserk rage {unknown}


   Skills:
 * Level 4.4 Fighting
 + Level 4.0 Maces & Flails
 * Level 3.4 Armour
 + Level 2.7 Dodging


You had 2 spell levels left.
You didn't know any spells.
Your spell library was empty.

Dungeon Overview and Level Annotations

Branches:
Dungeon (2/15)

Altars:

Shops:
D:1 (

Annotations:
D:2 Robin


Innate Abilities, Weirdness & Mutations

You have a pair of horns on your head.
You reflexively headbutt those who attack you in melee.


Message History

The goblin closely misses you. The frilled lizard closely misses you.
The goblin misses you. You furiously retaliate!
You headbutt the goblin, but do no damage.
The goblin closely misses you. You furiously retaliate!
You headbutt the goblin!
You kill the goblin!
Trog accepts your kill. The goblin misses you.
The goblin hits you with a +0 dagger. The quokka bites you. x2
* * * LOW HITPOINT WARNING * * *
Robin roars a battlecry!
The goblin goes into a battle-frenzy!
The goblin closely misses you. You furiously retaliate!
You headbutt the goblin.
You kill the goblin!
Trog accepts your kill. The goblin hits you with a +0 dagger.
* * * LOW HITPOINT WARNING * * *
The quokka misses you. The quokka misses you.
The goblin hits you with a +0 dagger.
* * * LOW HITPOINT WARNING * * *
The quokka bites you.
* * * LOW HITPOINT WARNING * * *
The goblin hits you but does no damage.
You feel the effects of Trog's Hand fading.
The rat bites you.
* * * LOW HITPOINT WARNING * * *
The goblin barely misses you. The quokka bites you.
* * * LOW HITPOINT WARNING * * *
The rat misses you. The quokka bites you.
* * * LOW HITPOINT WARNING * * *
The frilled lizard closely misses you. The quokka barely misses you.
The goblin closely misses you. You furiously retaliate!
You headbutt the goblin, but do no damage.
The frilled lizard bites you.
* * * LOW HITPOINT WARNING * * *
There is a stone staircase leading up, spattered with blood here.
The rat barely misses you. The quokka bites you.
You die...

#.# #)#
###.########
##.)........#
#...†.......#
#.>...).....#
#.>....)...g#
##......÷÷.rl#
#..........g@#
#.#......÷.r.#
#.#..........#
# #..........#
.............#
#.####.#######
#. #. #. #.


You could see Robin, a quokka, a goblin (strong), a frilled lizard and a rat.

Vanquished Creatures
  An adder (D:2)
  2 dart slugs (D:1)
  A bat (D:1)
  2 endoplasms (D:1)
  A giant cockroach (D:2)
  9 goblins
  2 hobgoblins (D:1)
  4 jackals (D:2)
  5 quokkas
  2 ball pythons
  2 frilled lizards
  4 kobolds (D:1)
  4 rats
39 creatures vanquished.

Notes
Turn   | Place    | Note
-------+----------+-------------------------------------------
     0 | D:1      | dianekeaton the Minotaur Berserker began the quest for the
                  | Orb.
     0 | D:1      | Reached XP level 1. HP: 19/19 MP: 0/0
    95 | D:1      | Reached XP level 2. HP: 24/27 MP: 1/1
   638 | D:1      | Found Woasch's Antique Weapon Boutique.
   778 | D:2      | Reached XP level 3. HP: 33/33 MP: 2/2
   786 | D:2      | Reached ** piety under Trog
   987 | D:2      | Noticed Robin
  1020 | D:2      | Slain by a quokka

Illustrated notes

Levels and vault maps discovered:
D:1:      onia_arrival_pyramid, layout_loops_ring, serial_shops,
          nicolae_shop_behind_doors
D:2:      layout_rooms, ebering_ecumenical_altar_webs, uniq_robin

Skill      XL: |  1  2  3 |
---------------+----------+-----
Fighting       | 4 |  4.4
Armour         | 3 |  3.4
Maces & Flails | 4 |  4.0
Dodging        | |  2.7

Action                   || total
-------------------------++-------
Melee: Mace              ||    51
       Headbutt          ||    10
Invok: Berserk           ||     2
       Trog's Hand       ||     1
Armor: Animal skin       ||    12
Dodge: Dodged            ||    67
